 Dungeon Crawl Stone Soup version 0.28.0-1-gb440e238dd (webtiles) character file.

Game seed: 8281841980873365178

142 mortz the Conjurer (level 5, -1/35 HPs)
             Began as a Human Conjurer on Feb 20, 2022.
             Succumbed to a water moccasin's poison
             ... on level 3 of the Dungeon.
             The game lasted 00:16:54 (2967 turns).

mortz the Conjurer (Human Conjurer)                 Turns: 2967, Time: 00:16:55

Health: -1/35      AC:  5    Str:  7    XL:     5   Next: 49%
Magic:  1/8        EV: 11    Int: 21    God:
Gold:   75         SH:  0    Dex: 11    Spells: 6/9 levels left

rFire   . . .      SeeInvis .   c - +0 dagger
rCold   . . .      Faith    .   (no shield)
rNeg    . . .      Spirit   .   d - +0 leather armour
rPois   .          Reflect  .   (no helmet)
rElec   .          Harm     .   (no cloak)
rCorr   .          Rampage  .   g - +0 pair of gloves
Will    .....                   e - +0 pair of boots
Stlth   ++........              (no amulet)
HPRegen 0.11/turn               (no ring)
MPRegen 0.11/turn               (no ring)

@: lethally poisoned (-1 -> -25)
A: no striking features
a: no special abilities


You were on level 3 of the Dungeon.
You visited 1 branch of the dungeon, and saw 3 of its levels.

You collected 75 gold pieces.

Inventory:

Hand Weapons
 c - a +0 dagger (weapon)
Missiles
 b - 3 poisoned darts
Armour
 d - a +0 leather armour (worn)
 e - a +0 pair of boots (worn)
 g - a +0 pair of gloves (worn)
 h - an orb of mayhem
Scrolls
 a - a scroll of teleportation {unknown}
 i - a scroll of blinking {unknown}
Potions
 f - 2 potions of cancellation {unknown}


   Skills:
 + Level 1.0 Armour
 + Level 2.6 Dodging
 + Level 2.5 Stealth
 + Level 2.6 Spellcasting
 + Level 5.3 Conjurations


You had 6 spell levels left.
You knew the following spells:

 Your Spells              Type           Power      Damage    Failure   Level
a - Magic Dart            Conj           100%       1d8       2%          1
b - Searing Ray           Conj           50%        2d6       3%          2

Your spell library contained the following spells:

 Spells                   Type           Power      Damage    Failure   Level
 Dazzling Flash           Conj/Hex       28%        N/A       21%         3
 Ensorcelled Hibernation  Hex/Ice        4%         N/A       30%         2
 Passwall                 Tmut/Erth      1%         N/A       30%         2
 Swiftness                Air            2%         N/A       52%         3
 Fulminant Prism          Conj/Hex       7%         3d7       54%         4
 Iskenderun's Mystic Bla  Conj/Tloc      14%        2d5       54%         4


Dungeon Overview and Level Annotations

Branches:
Dungeon (3/15)

Altars:

Annotations:
D:2 Sigmund
D:3 2 transporters, coolio's ghost, amateur TrEE


Message History

The water moccasin bites you.
The water moccasin bites you but does no damage.
You miss the water moccasin.
The water moccasin is almost dead.
The water moccasin bites you.
Aiming: Magic Dart (safe; 2% risk of failure)
Press: ? - help, Q - select action, (/) - cycle Shift-Dir - straight line, f/p - water moccasin
Aim: a water moccasin (almost dead, 100% to hit)
The magic dart hits the water moccasin but does no damage.
The water moccasin is almost dead.
The water moccasin closely misses you. The water moccasin bites you.
You miss the water moccasin.
The water moccasin is almost dead.
The water moccasin barely misses you.
You hit the water moccasin.
The water moccasin is almost dead.
The water moccasin bites you.
You closely miss the water moccasin.
The water moccasin is almost dead.
The water moccasin bites you. The water moccasin misses you.
You closely miss the water moccasin.
The water moccasin is almost dead.
The water moccasin barely misses you.
You completely miss the water moccasin.
The water moccasin is almost dead.
The water moccasin misses you. The water moccasin bites you.
* * * LOW HITPOINT WARNING * * *
You are lethally poisoned!
The water moccasin poisons you!
You closely miss the water moccasin.
The water moccasin is almost dead.
* * * LOW HITPOINT WARNING * * *
You feel very sick. The water moccasin bites you.
* * * LOW HITPOINT WARNING * * *
You are more poisoned.
The water moccasin poisons you!
You hit the water moccasin but do no damage.
The water moccasin is almost dead.
You die...

....# ....# .###
...#####...# #....#...#.##
##............ #
#............# .
#............. #.
######...........# #####.
#........@S...<.# # #.<...
#..............####.#.....
#.......###.##............
#..............#####.....>
#.......###.### #.........
#.......# #.# #.##......
###.......###.# #.........
#................
..####...#
#........©.........
##.....


You could see a water moccasin.

Vanquished Creatures
  Jessica (D:2)
  4 gnolls (D:2)
  3 adders
  A dart slug (D:1)
  6 bats
  4 endoplasms
  A giant cockroach (D:1)
  8 goblins
  6 hobgoblins
  3 quokkas
  5 ball pythons
  3 frilled lizards
  2 kobolds
  3 rats
50 creatures vanquished.

Notes
Turn   | Place    | Note
-------+----------+-------------------------------------------
     0 | D:1      | mortz the Human Conjurer began the quest for the Orb.
     0 | D:1      | Reached XP level 1. HP: 13/13 MP: 3/3
   268 | D:1      | Reached XP level 2. HP: 19/19 MP: 0/5
   317 | D:1      | Learned a level 2 spell: Searing Ray
   806 | D:1      | Reached XP level 3. HP: 24/24 MP: 2/6
  1582 | D:2      | Noticed Sigmund
  1605 | D:2      | Reached XP level 4. HP: 30/30 MP: 3/7
  1683 | D:2      | Noticed Jessica
  1687 | D:2      | Killed Jessica
  1688 | D:2      | Reached skill level 5 in Conjurations
  1858 | D:2      | Reached XP level 5. HP: 35/35 MP: 0/8
  1937 | D:2      | Reached skill level 1 in Armour
  2319 | D:2      | Found a faded altar of an unknown god.
  2837 | D:3      | Found a transporter.
  2839 | D:3      | Noticed a phantom
  2861 | D:3      | Found a transporter.
  2863 | D:3      | Noticed coolio's ghost (amateur TrEE)
  2911 | D:3      | Noticed a water moccasin
  2967 | D:3      | Succumbed to a water moccasin's poison

Illustrated notes

Levels and vault maps discovered:
D:1:      erik_arrival_triangle_medium, layout_rooms
D:2:      minmay_roachtagon, layout_loops_cross, serial_forest,
          infiniplex_forest_end_double, infiniplex_forest_straight_2,
          infiniplex_forest_clump_tiny, infiniplex_forest_lined_2,
          dreamdust_ecumenical_altar_hidden_monk_grotto, grunt_ministairs_5,
          uniq_jessica, uniq_sigmund
D:3:      layout_rooms, gammafunk_ghost_mausoleum

Skill      XL: |  1  2  3  4  5 |
---------------+----------------+-----
Conjurations   | 5 |  5.3
Armour         | 1 |  1.0
Dodging        | |  2.6
Stealth        | |  2.5
Spellcasting   | |  2.6

Action                   |  1- 3 |  4- 6 || total
-------------------------+-------+-------++-------
Melee: Dagger            |     9 |    13 ||    22
 Cast: Magic Dart        |    36 |    36 ||    72
       Searing Ray       |     4 |     6 ||    10
Armor: Robe              |     2 |       ||     2
       Leather armour    |     6 |     2 ||     8
Dodge: Dodged            |    24 |    15 ||    39
